 Dungeon Crawl Stone Soup version 0.29.1-12-g30fa7ad0bf (webtiles) character file.

Game seed: 9902202510060946649

718 hitthewallwitha the Chopper (level 7, -5/62 HPs)
             Began as a Minotaur Fighter on Dec 29, 2022.
             Was a Follower of Trog.
             Slain by Prince Ribbit (13 damage)
             ... on level 6 of the Dungeon.
             The game lasted 00:15:55 (5150 turns).

hitthewallwitha the Chopper (Minotaur Fighter)      Turns: 5150, Time: 00:15:55

Health: -5/62      AC: 15    Str: 22    XL:     7   Next: 42%
Magic:  6/6        EV:  6    Int:  5    God:    Trog [*.....]
Gold:   358        SH:  4    Dex: 10    Spells: 6/6 levels left

rFire   . . .      SeeInvis +   z - +1 dagger (drain)
rCold   . . .      Faith    .   c - +0 buckler
rNeg    . . .      Spirit   .   k - +0 plate armour
rPois   .          Reflect  .   (helmet restricted)
rElec   .          Harm     .   I - +0 cloak
rCorr   .          Rampage  .   (no gloves)
Will    .....                   B - +0 pair of boots
Stlth   ..........              (no amulet)
HPRegen 0.20/turn               t - ring of see invisible
MPRegen 0.10/turn               (no ring)

@: mighty
A: horns 2, retaliatory headbutt
a: Renounce Religion, Berserk


You were on level 6 of the Dungeon.
You worshipped Trog.
Trog was aware of your devotion.
You visited 1 branch of the dungeon, and saw 6 of its levels.

You collected 358 gold pieces.

Inventory:

Hand Weapons
 a - a +0 war axe
 n - a +1 dagger of holy wrath
 s - a +0 sling
 z - a +1 dagger of draining (weapon)
 H - a +4 quarterstaff of chaos
 J - a +0 hammer
Missiles
 i - 56 stones (quivered)
 y - 5 atropa-tipped darts
 K - 4 poisoned darts
 N - 2 curare-tipped darts
Armour
 b - a +0 scale mail
 c - a +0 buckler (worn)
 e - a +0 ring mail
 k - a +0 plate armour (worn)
 B - a +0 pair of boots (worn)
 I - a +0 cloak (worn)
Jewellery
 t - a ring of see invisible (left hand)
 w - a ring of wizardry
 F - an amulet of magic regeneration
Wands
 A - a wand of flame (31)
Scrolls
 f - 6 scrolls of identify
 g - 2 scrolls of teleportation
 j - 2 scrolls of amnesia
 l - a scroll of noise
 q - 2 scrolls of immolation
 u - 4 scrolls of summoning
 v - a scroll of blinking
 C - a scroll of vulnerability {unknown}
 D - a scroll of poison {unknown}
 E - a scroll of enchant armour {unknown}
 G - a scroll of fear {unknown}
 M - a scroll of magic mapping {unknown}
 P - a scroll of enchant weapon {unknown}
Potions
 d - a potion of might
 h - 2 potions of lignification {unknown}
 m - a potion of cancellation {unknown}
 o - 2 potions of ambrosia {unknown}
 p - a potion of heal wounds {unknown}
 r - a potion of attraction {unknown}
 x - 2 potions of haste
 L - 2 potions of mutation {unknown}
 O - a potion of invisibility {unknown}
 Q - 2 potions of resistance {unknown}


   Skills:
 + Level 5.8 Fighting
 + Level 1.5 Short Blades
 + Level 6.9 Axes
 + Level 5.7 Armour
 + Level 1.2 Dodging
 + Level 4.4 Shields


You had 6 spell levels left.
You didn't know any spells.
Your spell library contained the following spells:

 Spells                   Type           Power      Damage    Failure   Level
 Beastly Appendage        Tmut           0%         N/A       100%        1
 Necrotise                Necr           0%         1d4       100%        1
 Wereblood                Tmut           0%         N/A       100%        2
 Confusing Touch          Hex            0%         N/A       100%        3
 Dazzling Flash           Conj/Hex       0%         N/A       100%        3
 Spider Form              Tmut/Pois      0%         N/A       100%        3
 Vampiric Draining        Necr           0%         2d6       100%        3
 Iskenderun's Mystic Bla  Conj/Tloc      0%         2d3       100%        4
 Agony                    Necr           0%         N/A       100%        5
 Yara's Violent Unravell  Hex/Tmut       0%         3d3       100%        5
 Starburst                Conj/Fire      0%         6d3       100%        6
 Enfeeble                 Hex            0%         N/A       100%        7


Dungeon Overview and Level Annotations

Branches:
Dungeon (6/15)
 Temple: D:4-7

Altars:
Dithmenos
Fedhas
Gozag
Hepliaklqana
Kikubaaqudgha
Makhleb
Trog
Uskayaw
Wu Jian

Shops:
D:4 [

Annotations:
D:6 Prince Ribbit


Innate Abilities, Weirdness & Mutations

You have a pair of horns on your head.
You reflexively headbutt those who attack you in melee.


Message History

You hit the howler monkey but do no damage.
The howler monkey is severely wounded.
Prince Ribbit asks, "Just a little smooch?"
The howler monkey hits you but does no damage.
You hit the howler monkey. You drain the howler monkey.
You kill the howler monkey!
Trog accepts your kill.
Prince Ribbit blinks!
An iguana comes into view.
Throw: 57 stones
Press: ? - help, Q - select action, (/) - cycle Shift-Dir - straight line, f - Prince Ribbit
Aim: Prince Ribbit (34% to hit)
You throw a stone. The iguana hisses angrily.
The stone hits Prince Ribbit but does no damage.
You closely miss Prince Ribbit. Prince Ribbit hits you!
You barely miss Prince Ribbit. Prince Ribbit hits you.
You hit Prince Ribbit. You headbutt Prince Ribbit!
Prince Ribbit is moderately wounded.
Prince Ribbit catches a millipede with his tongue.
Prince Ribbit hits you. Prince Ribbit barely misses you.
You furiously retaliate!
You headbutt Prince Ribbit! You barely miss Prince Ribbit.
Your headbutt misses Prince Ribbit.
Prince Ribbit is heavily wounded.
You block Prince Ribbit's attack.
You barely miss Prince Ribbit.
Prince Ribbit is heavily wounded.
Prince Ribbit hits you. The iguana bites you.
You hit Prince Ribbit.
Prince Ribbit is heavily wounded.
Prince Ribbit barely misses you. The iguana bites you. Prince Ribbit hits you!
You closely miss Prince Ribbit.
Prince Ribbit is heavily wounded.
Prince Ribbit hits you!
* * * LOW HITPOINT WARNING * * *
The iguana bites you.
* * * LOW HITPOINT WARNING * * *
You feel very mighty all of a sudden. Prince Ribbit hits you!
You die...

..... ###.###....... ...
......###.#.........
....#....##.........####
....#....$...##...###..#
......$.....# #...#...##
..........# ##...'._.#(
..........# #....#...##
.......Fl.#####...###..#
..$....@....###.....####
.....#....#.............
... #....#....#........
... #......#..##.......
. ...
#.##...#........... ..
..###......##..........
...
.#.#....#..#....).....
....
#.......#..##.....##..
.....
##....#......#....###..


You could see Prince Ribbit and an iguana.

Vanquished Creatures
  An ice beast (D:5)
  2 phantoms
  A necrophage (D:4)
  2 howler monkeys
  Crazy Yiuf (D:4)
  4 hounds
  An iguana (D:5)
  5 adders
  An ufetubus (D:6)
  2 worms (D:2)
  4 dart slugs
  5 orcs
  7 ball pythons
  10 endoplasms
  2 giant cockroaches
  8 goblins
  13 hobgoblins
  5 jackals
  A quokka (D:1)
  8 bats
  7 frilled lizards
  9 kobolds
  11 rats
110 creatures vanquished.

Notes
Turn   | Place    | Note
-------+----------+-------------------------------------------
     0 | D:1      | hitthewallwitha the Minotaur Fighter began the quest for
                  | the Orb.
     0 | D:1      | Reached XP level 1. HP: 19/19 MP: 0/0
   163 | D:1      | Reached XP level 2. HP: 27/27 MP: 1/1
  1083 | D:1      | Reached XP level 3. HP: 33/33 MP: 2/2
  1339 | D:2      | Reached skill level 3 in Axes
  1780 | D:2      | Reached XP level 4. HP: 41/41 MP: 3/3
  2306 | D:3      | Found a bloodstained altar of Trog.
  2319 | D:3      | Became a worshipper of Trog the Wrathful
  2409 | D:3      | Reached skill level 4 in Axes
  3306 | D:4      | Noticed a phantom
  3319 | D:4      | Killed a phantom
  3320 | D:4      | Reached skill level 5 in Armour
  3320 | D:4      | Reached XP level 5. HP: 46/47 MP: 4/4
  3324 | D:4      | Reached * piety under Trog
  3388 | D:4      | Found a runed translucent door.
  3389 | D:4      | Noticed Crazy Yiuf
  3395 | D:4      | Killed Crazy Yiuf
  3396 | D:4      | Reached skill level 5 in Axes
  3555 | D:4      | Reached skill level 5 in Fighting
  3727 | D:4      | Reached XP level 6. HP: 54/56 MP: 5/5
  3868 | D:4      | Found Zoextyurch's Armour Boutique.
  3994 | D:5      | Entered Level 5 of the Dungeon
  4109 | D:5      | Noticed an ice beast
  4122 | D:5      | Killed an ice beast
  4123 | D:5      | Reached skill level 6 in Axes
  4271 | D:5      | Reached skill level 1 in Dodging
  4384 | D:5      | Reached XP level 7. HP: 61/61 MP: 6/6
  4849 | D:6      | Noticed a +0 spear
  4849 | D:6      | Noticed a +0 dagger
  4850 | D:6      | Noticed a +0 dagger
  4856 | D:6      | Noticed a +0 short sword
  4856 | D:6      | Noticed a +0 short sword
  4857 | D:6      | Noticed a +0 falchion
  4857 | D:6      | Noticed a +0 falchion
  4859 | D:6      | Found an ornate altar of the Wu Jian Council.
  4859 | D:6      | Noticed a +0 spear
  4867 | D:6      | Found a hazy altar of Hepliaklqana.
  4867 | D:6      | Found a blossoming altar of Fedhas.
  4867 | D:6      | Found an ancient bone altar of Kikubaaqudgha.
  4869 | D:6      | Found a burning altar of Makhleb.
  4870 | D:6      | Found an opulent altar of Gozag.
  4871 | D:6      | Found a shadowy altar of Dithmenos.
  4913 | D:6      | Reached skill level 1 in Short Blades
  5061 | D:6      | Found a hide-covered altar of Uskayaw.
  5135 | D:6      | Noticed Prince Ribbit
  5150 | D:6      | Slain by Prince Ribbit

Illustrated notes

Levels and vault maps discovered:
D:1:      psy_arrival_statuary, layout_basic, serial_park_tiny_pond,
          minmay_fountain_box
D:2:      minmay_razor_zed, layout_basic, serial_park_tiny_1,
          minmay_divided_ellipse
D:3:      layout_basic, mainiacjoe_overflow_surrounded_room
D:4:      layout_rooms, serial_shops, kennysheep_little_box,
          uniq_crazy_yiuf_cottage
D:5:      layout_basic, minmay_temple_entry_from_below_a
D:6:      layout_cave_pools, minitemple, nicolae_uskayaw_en_pointe,
          mainiacjoe_overflow_swirl, uniq_prince_ribbit1

Skill      XL: |  1  2  3  4  5  6  7 |
---------------+----------------------+-----
Fighting       | 4 5 |  5.8
Armour         | 4 5 |  5.7
Axes           | 3 4 5 6 |  6.9
Shields        | 4 |  4.4
Dodging        | 1 |  1.2
Short Blades   | 1 |  1.5

Action                   |  1- 3 |  4- 6 |  7- 9 || total
-------------------------+-------+-------+-------++-------
Melee: War axe           |    89 |    84 |       ||   173
       Headbutt          |    13 |    24 |     9 ||    46
       Dagger            |       |    48 |    46 ||    94
Throw: Stone             |       |     3 |     1 ||     4
  Use: Scroll            |       |     7 |       ||     7
       Potion            |       |       |     1 ||     1
Armor: Scale mail        |     5 |       |       ||     5
       Plate armour      |    47 |   106 |    37 ||   190
Dodge: Dodged            |    38 |    42 |    25 ||   105
Block: Buckler           |    15 |    30 |    14 ||    59
